Croesus, chaotic male elven Ranger -------- ------ |<|>...---....| |^|-.......`..| |^||.```|..``.| |^||....|.....| |^|------.----| |.| |..a.(.| |.------..@...| |.............| |..-----......| ---- -------- Croesus the Trailblazer Experience level: 6 Strength: 15 Dexterity: 11 Constitution: 16 Intelligence: 13 Wisdom: 14 Charisma: 8 Health: 0(43) Energy: 42(42) Def: 3 Gold: 0 Moves: 4719 Dungeon seed: j1o5w57LbpecU6X1 Game ID: Croesus_1563534100 Your Inventory: Weapons c - 55 uncursed +2 elven arrows d - an uncursed +1 elven dagger (alternate weapon; not wielded) e - an uncursed +1 elven bow (weapon in hand) f - a blessed +0 spear m - 8 blessed +0 darts r - 3 uncursed +0 darts y - 24 uncursed +0 elven arrows z - an uncursed +3 scimitar C - an uncursed +0 orcish dagger F - an uncursed +0 arrow Armor b - an uncursed +2 elven cloak (being worn) q - a blessed +1 orcish helm H - an uncursed +0 mummy wrapping J - an uncursed +0 pair of gauntlets of power N - an uncursed +0 dwarvish cloak Y - an uncursed +0 pair of iron shoes Comestibles g - an uncursed tripe ration i - 2 uncursed lembas wafers K - 2 uncursed tins of male kobold shaman meat L - 2 uncursed food rations X - 2 uncursed fortune cookies Rings a - an uncursed ring of sustain ability S - a cursed ring of hunger Wands v - an uncursed wand of cancellation (0:7) O - an uncursed wand of undead turning (0:5) Q - an uncursed wand of magic missile (0:5) R - an uncursed wand of teleportation (0:6) U - an uncursed wand of teleportation (0:5) W - an uncursed wand of light (0:11) Tools k - an uncursed skeleton key l - an uncursed oil lamp (0:1225) s - an uncursed stethoscope Gems n - an uncursed worthless piece of yellowish brown glass I - an uncursed worthless piece of red glass M - an uncursed worthless piece of blue glass Spells and supernatural/magical abilities: Name Level Category Cost Memory P - polymorph 7 matter 7000pw 100% W - pray for help -- divine ? -- Your skills at the end: Fighting Skills wands [Basic] Weapon Skills dagger [Basic] bow [Skilled] Spellcasting Skills Final Attributes: You were piously aligned. You were immune to sleep. You saw invisible. You had automatic searching. You had infravision. You were stealthy. Mars was noncommittal. You are dead. Vanquished creatures: a leprechaun a dwarf mummy a dog a housecat a blue jelly a snake 2 Mordor orcs an orc shaman 3 rock moles a pony 2 shriekers 2 golden naga hatchlings a guardian naga hatchling 4 gray oozes a baby crocodile a dwarf 4 rothes 3 giant bats a monkey an orc zombie a wererat 2 acid blobs 3 coyotes 6 manes 2 large kobolds a hobgoblin 4 giant rats 4 cave spiders 2 yellow molds a green mold a red mold 10 garter snakes 4 geckos 7 jackals a fox a kobold a goblin 5 grid bugs 7 lichens 2 kobold zombies 4 newts 102 creatures vanquished. Voluntary challenges: You had followed a strict vegetarian diet until turn 1903. You used a wielded weapon 55 times, starting on turn 421. You read items or engraved 66 times, starting on turn 4255. You never genocided any monsters. You never polymorphed an object. You never changed form. You used no wishes. You never split a pudding. You never wrote Elbereth's name. You never violated your personal moral code. Dungeon overview: The Dungeons of Doom: levels 1 to 10 Level 1 some altars to Mercury and Mars, a fountain a long staircase Level 2 a sink, a vault a long staircase Level 3 a general store Level 4 a fountain Level 5 a general store, a fountain Level 6 Level 7 a fountain, a sink Level 8 Level 9 many fountains Level 10 stairs to Sokoban Sokoban: Level 9 <- You were here Unsolved stairs to The Dungeons of Doom History has recorded: On T:1 you entered the Dungeons of Doom to retrieve the Amulet of Yendor! On T:35 you reached level 2 of The Dungeons of Doom. On T:622 you reached level 3 of The Dungeons of Doom. On T:1528 you advanced to experience level 2. On T:1793 you reached level 4 of The Dungeons of Doom. On T:1902 you advanced to experience level 3. On T:2454 you reached level 5 of The Dungeons of Doom. On T:2520 you reached level 6 of The Dungeons of Doom. On T:2543 you advanced to experience level 4. On T:3202 you advanced to experience level 5. On T:3696 you reached level 7 of The Dungeons of Doom. On T:3726 you reached level 8 of The Dungeons of Doom. On T:3942 you reached level 9 of The Dungeons of Doom. On T:4134 you advanced to experience level 6. On T:4242 you reached level 10 of The Dungeons of Doom. On T:4515 you reached level 4 of Sokoban. Score breakdown: Gold: 0 ( 0 points) Experience: 6 levels (12456 points) Exploration: 10 levels ( 20.83%) (13127 points) Discoveries: 4 items ( 1.36%) ( 3493 points) Valuables value: (no points given unless you survive) Artifact value: 0 ( 0 points) Variety of kills: 41 monsters ( 10.79%) ( 9854 points) Turncount: 4719 turns (-1269 points) Survival: died (score multiplied by 80%) Total score: 30128 Latest messages: You fill your quiver: Z - an arrow (in quiver). You kill the giant bat! You cannot pass that way. With great effort you move the boulder. Z - an arrow (in quiver). The boulder fills a pit. F - an arrow. With great effort you move the boulder. You try to move the boulder, but in vain. With great effort you move the boulder. The boulder fills a pit. The fire ant bites! (2x) You are on fire! The fire ant bites! (2x) You are on fire! The arrow hits the fire ant! The fire ant bites! (2x) You are on fire! The fire ant bites! (2x) You are on fire! You write in the dust with your fingers. The fire ant bites! You die... Final status: Goodbye Croesus the Ranger, killed by a fire ant... You died in Sokoban on dungeon level 9 with 30128 points, and 0 pieces of gold, after 4719 moves. You were level 6 with a maximum of 43 hit points when you died.